 Dungeon Crawl Stone Soup version 0.30.1-11-g7821555f0a (webtiles) character file.

Game seed: 4313081043893991761

177 SacredBeard the Shooter (level 5, -9/45 HPs)
             Began as a Demigod Hunter on Nov 5, 2023.
             Mangled by an ogre
             ... wielding a +0 giant club
              (28 damage)
             ... on level 4 of the Dungeon.
             The game lasted 00:04:39 (2529 turns).

SacredBeard the Shooter (Demigod Hunter)            Turns: 2529, Time: 00:04:39

Health: -9/45      AC:  8    Str: 12    XL:     5   Next: 9%
Magic:  7/7        EV: 12    Int: 11    God:
Gold:   153        SH:  0    Dex: 21    Spells: 4/4 levels left

rFire   . . .        a - +0 shortbow
rCold   . . .        (shield currently unavailable)
rNeg    . . .        c - +0 leather armour
rPois   +            (no helmet)
rElec   .            x - scarf {+Inv}
rCorr   .            (no gloves)
SInv    .            m - +0 pair of boots
Will    .....        r - amulet of regeneration
Stlth   ++           s - ring of poison resistance
HPRegen 1.07/turn    t - +4 ring of protection
MPRegen 0.10/turn

%: no passive effects
@: no status effects
A: high MP 1, forlorn, divine attributes
a: Evoke Invisibility


You were on level 4 of the Dungeon.
You visited 1 branch of the dungeon, and saw 4 of its levels.

You collected 153 gold pieces.

Inventory:

Hand Weapons
 a - a +0 shortbow (weapon)
Missiles
 i - 2 boomerangs of dispersal
Armour
 c - a +0 leather armour (worn)
 m - a +0 pair of boots (worn)
 x - a scarf of invisibility (worn)
Jewellery
 g - a ring of protection from fire
 h - a ring of protection from fire
 r - an amulet of regeneration (around neck)
 s - a ring of poison resistance (left hand)
 t - a +4 ring of protection (right hand)
Scrolls
 b - a scroll of immolation
 e - 3 scrolls of enchant weapon {unknown}
 k - 3 scrolls of identify {unknown}
 n - 3 scrolls of magic mapping {unknown}
 p - a scroll of torment {unknown}
 q - a scroll of poison {unknown}
 u - a scroll of fear {unknown}
 v - 2 scrolls of vulnerability {unknown}
 w - a scroll of enchant armour {unknown}
 y - a scroll of brand weapon {unknown}
Potions
 d - a potion of heal wounds {unknown}
 f - 2 potions of berserk rage {unknown}
 j - 5 potions of curing {unknown}
 l - a potion of brilliance {unknown}
 o - a potion of might {unknown}
 z - a potion of haste {unknown}


   Skills:
 * Level 3.3 Fighting
 + Level 4.1 Ranged Weapons
 + Level 1.2 Throwing
 + Level 1.5 Armour
 - Level 2.0 Dodging
 + Level 2.1 Stealth
 + Level 0.0 Evocations


You had 4 spell levels left.
You didn't know any spells.
Your spell library contained the following spells:

 Spells                   Type           Power      Damage    Failure   Level
 Magic Dart               Conj           0%         1d3       41%         1
 Slow                     Hex            0%         N/A       41%         1
 Call Imp                 Summ           0%         N/A       56%         2
 Confusing Touch          Hex            0%         N/A       80%         3
 Mephitic Cloud           Conj/Pois/Air  0%         N/A       80%         3
 Vampiric Draining        Necr           0%         2d6       80%         3


Dungeon Overview and Level Annotations

Branches:
Dungeon (4/15) Zot: 21406  Temple (0/1) D:4


Innate Abilities, Weirdness & Mutations

You have an increased reservoir of magic. (+10% MP)
You shall have no god before yourself.
Your divine heritage dramatically boosts your attributes as you level up.


Message History

The jackal barks!
The arrow hits the orc!
You kill the orc!
You shoot an arrow. The arrow hits the jackal.
The jackal is heavily wounded.
A jackal comes into view.
You shoot an arrow. The jackal barks!
The arrow hits the jackal.
The jackal is severely wounded.
You shoot an arrow. The arrow hits the jackal.
You kill the jackal!
You shoot an arrow. The arrow hits the jackal.
The jackal is lightly wounded.
You shoot an arrow. The arrow barely misses the jackal.
The jackal bites you but does no damage.
An ogre comes into view. It is wielding a +0 giant club.
The jackal bites you but does no damage.
You shoot an arrow. The arrow hits the jackal.
The jackal is moderately wounded.
The jackal misses you. The jackal completely misses you.
You shoot an arrow.
The arrow hits the jackal but does no damage.
The jackal is moderately wounded.
The jackal bites you but does no damage.
The jackal misses you.
You shoot an arrow. The arrow hits the jackal.
You kill the jackal!
You shoot an arrow.
The arrow hits the ogre but does no damage.
You shoot an arrow. The arrow barely misses the ogre.
The ogre hits you with a +0 giant club!!
Ouch! That really hurt!
You are too injured to fight recklessly!
You are too injured to fight recklessly!
You are too injured to fight recklessly!
The ogre attacks as you move away!
The ogre hits you with a +0 giant club!!
Ouch! That really hurt!
You die...

##..#.# ) ##.....## ...
.#..##...## †..#
#.>.#..###...## ....###
#...#### #.....
.......####.#.# ##....
..........#...# #....
....†.....#.>.########...
†......O@.#...#....###..>
.#######..#####...[......
##................
##...............
##........#.....
#........####..
###......# #.. ##...###
##.. ##### #...


You could see an ogre.

Vanquished Creatures
  A hound (D:3)
  3 gnolls (D:3)
  4 adders
  2 worms (D:2)
  3 dart slugs
  4 orcs (D:4)
  5 endoplasms
  A giant cockroach (D:4)
  6 goblins
  6 hobgoblins
  6 jackals
  2 quokkas (D:2)
  6 ball pythons
  6 bats
  3 frilled lizards
  3 kobolds
  8 rats
69 creatures vanquished.

Notes
Turn   | Place    | Note
-------+----------+-------------------------------------------
     0 | D:1      | SacredBeard the Demigod Hunter began the quest for the Orb.
     0 | D:1      | Reached XP level 1. HP: 17/17 MP: 3/3
    71 | D:1      | Reached skill level 1 in Stealth
   310 | D:1      | Reached XP level 2. HP: 24/24 MP: 4/4
   740 | D:2      | Reached XP level 3. HP: 26/30 MP: 5/5
   927 | D:2      | Reached skill level 1 in Armour
  1276 | D:2      | Reached XP level 4. HP: 37/37 MP: 6/6
  1919 | D:3      | Reached skill level 1 in Throwing
  2018 | D:3      | Reached skill level 4 in Ranged Weapons
  2411 | D:4      | Reached XP level 5. HP: 45/45 MP: 7/7
  2513 | D:4      | Found a staircase to the Ecumenical Temple.
  2522 | D:4      | Noticed an ogre
  2529 | D:4      | Mangled by an ogre

Illustrated notes

Levels and vault maps discovered:
D:1:      dpeg_arrival_tiny_c, layout_basic
D:2:      layout_basic, amcnicky_mini_rare_corridor_liquid,
          minmay_misc_feat_diagonals, minmay_pentomino_u4
D:3:      layout_basic, nemelex_diamond_rough_becter,
          mainiacjoe_overflow_large_starburst, dreamdust_ecumenical_altar_grove,
          grunt_ministairs_15, kennysheep_generic_room_14
D:4:      layout_cave_pods, tso_metal_star, mainiacjoe_overflow_tiny_flanked,
          fedhas_altar_decomposition, minmay_temple_entry_from_below_a

Skill      XL: |  1  2  3  4 |
---------------+-------------+-----
Stealth        | 1 2 |  2.1
Fighting       | 2 3 |  3.3
Dodging        | 2 |  2.0
Armour         | 1 |  1.5
Throwing       | 1 |  1.2
Ranged Weapons | 4 |  4.1

Action                     |  1- 3 |  4- 6 || total
---------------------------+-------+-------++-------
   Fire: Shortbow          |   133 |    58 ||   191
 Armour: Leather armour    |    14 |     5 ||    19
  Dodge: Dodged            |    30 |     7 ||    37
